 Dungeon Crawl Stone Soup version 0.30.1-11-g7821555f0a (webtiles) character file.

Game seed: 14466730756539013071

431 growler the Gusty (level 6, -1/32 HPs)
             Began as a Tengu Air Elementalist on Oct 29, 2023.
             Was an Initiate of Hepliaklqana.
             Killed by their own static electricity (3 damage)
             ... on level 5 of the Dungeon on Oct 30, 2023.
             The game lasted 00:05:10 (4440 turns).

growler the Gusty (Tengu Air Elementalist)          Turns: 4440, Time: 00:05:10

Health: -1/32      AC:  2    Str:  8    XL:     6   Next: 99%
Magic:  5/13       EV: 14    Int: 17    God:    Hepliaklqana [......]
Gold:   162        SH:  0    Dex: 15    Spells: 7/13 levels left

rFire   . . .        t - +1 dagger (venom)
rCold   . . .        (no shield)
rNeg    . . .        a - +0 robe
rPois   .            (helmet restricted)
rElec   .            (no cloak)
rCorr   .            (no gloves)
SInv    .            (boots unavailable)
Will    .....        (no amulet)
Stlth   ++           (no ring)
HPRegen 0.25/turn    (no ring)
MPRegen 0.13/turn

%: no passive effects
@: flying quickly and evasively, quick
A: beak, talons 3, nimble flight
a: Renounce Religion


You were on level 5 of the Dungeon.
You worshipped Hepliaklqana.
Hepliaklqana was noncommittal.
You visited 1 branch of the dungeon, and saw 5 of its levels.

You collected 162 gold pieces.

Inventory:

Hand Weapons
 q - a +0 short sword of speed
 t - a +1 dagger of venom (weapon)
Armour
 a - a +0 robe (worn)
 n - a +0 buckler
Jewellery
 f - a ring of ice
 k - the ring of Autumn {Will+ Str+6 Stlth+}
   (You found it on level 2 of the Dungeon)

   [ring of strength]

   Str:       It affects your strength (+6).
   Will:      It increases your willpower.
   Stlth:     It makes you more stealthy.
 p - a ring of protection from cold
 A - an amulet of guardian spirit
Wands
 w - a wand of paralysis (10)
Scrolls
 e - 6 scrolls of identify {unknown}
 h - a scroll of noise {unknown}
 j - 3 scrolls of poison {unknown}
 l - a scroll of immolation {unknown}
 m - a scroll of enchant weapon {unknown}
 r - a scroll of amnesia {unknown}
 s - 2 scrolls of fog {unknown}
 v - a scroll of vulnerability {unknown}
 y - a scroll of magic mapping {unknown}
 B - a scroll of blinking {unknown}
Potions
 b - 3 potions of magic
 c - 3 potions of brilliance {unknown}
 d - 2 potions of ambrosia {unknown}
 g - 2 potions of degeneration {unknown}
 i - a potion of haste {unknown}
 o - 2 potions of lignification {unknown}
 u - a potion of might {unknown}
 x - a potion of flight {unknown}
 z - a potion of berserk rage {unknown}


   Skills:
 - Level 2.1 Dodging
 - Level 2.0 Stealth
 + Level 4.1 Spellcasting
 + Level 5.3 Conjurations
 + Level 6.6 Air Magic


You had 7 spell levels left.
You knew the following spells:

 Your Spells              Type           Power      Damage    Failure   Level
a - Shock                 Conj/Air       92%        1d8       1%          1
b - Static Discharge      Conj/Air       46%        2-4/arc   1%          2
c - Swiftness             Air            26%        N/A       3%          3

Your spell library contained the following spells:

 Spells                   Type           Power      Damage    Failure   Level
 Airstrike                Air            13%        2d(2-18)  10%         4
 Slow                     Hex            12%        N/A       16%         1
 Confusing Touch          Hex            3%         N/A       43%         3
 Vampiric Draining        Necr           3%         2d6       43%         3


Dungeon Overview and Level Annotations

Branches:
Dungeon (5/15)
 Temple: D:4-7

Altars:
Fedhas
Hepliaklqana
Kikubaaqudgha
Nemelex Xobeh
Okawaru

Annotations:
D:4 3 runed translucent doors, kaesle's ghost, novice HOFi


Innate Abilities, Weirdness & Mutations

You have a beak for a mouth.
You have claws for feet.
Your magical nature lets you fly swiftly and evasively.


Message History

Casting: Shock (safe; 1% risk of failure)
Confirm with . or Enter, or press ? or * to list all spells.
The orc priest is struck by an arc of lightning.
The orc priest is moderately wounded.
You are struck by an arc of lightning.
The hound is struck by an arc of lightning.
The hound is lightly wounded.
You are struck by an arc of lightning.
The lightning grounds out.
The hound is struck by an arc of lightning.
The hound is moderately wounded.
You are struck by an arc of lightning.
The hound is struck by an arc of lightning.
The hound is heavily wounded.
You are struck by an arc of lightning.
The lightning grounds out.
The hound misses you.
The orc priest hits you with a +0 dagger.
The hound bites you.
Casting: Static Discharge (safe; 1% risk of failure)
Confirm with . or Enter, or press ? or * to list all spells.
The orc priest is struck by an arc of lightning.
The orc priest is heavily wounded.
You are struck by an arc of lightning.
The orc priest is struck by an arc of lightning.
The orc priest is severely wounded.
You are struck by an arc of lightning.
The lightning grounds out.
The hound is struck by an arc of lightning.
The hound is severely wounded.
You are struck by an arc of lightning.
* * * LOW HITPOINT WARNING * * *
The lightning grounds out.
The orc priest hits you with a +0 dagger.
* * * LOW HITPOINT WARNING * * *
The hound bites you.
* * * LOW HITPOINT WARNING * * *
Casting: Static Discharge (safe; 1% risk of failure)
Confirm with . or Enter, or press ? or * to list all spells.
The orc priest is struck by an arc of lightning.
The orc priest is almost dead.
You are struck by an arc of lightning.
You die...

#..........
##.........
#..#.......
#..........
###.##......
###....##.....
#....### .....
#....## (..
##..@.#
#.o#hg)....
#.. o..#.#.
#.. ..## ...
.## .... .#
..... ..
...... ..


You could see a hound, an orc priest, a gnoll and an orc.

Vanquished Creatures
  A bullfrog (D:4)
  2 vampire bats (D:4)
  A hound (D:5)
  An orc priest (D:3)
  Jessica (D:2)
  2 orc wizards (D:3)
  4 gnolls (D:4)
  4 adders
  A worm (D:2)
  10 orcs
  2 bat skeletons (D:4)
  3 bat zombies (D:4)
  4 endoplasms
  2 giant cockroaches
  7 goblins
  4 hobgoblins
  6 kobolds
  A quokka (D:4)
  7 ball pythons
  7 bats
  5 rats
75 creatures vanquished.

Notes
Turn   | Place    | Note
-------+----------+-------------------------------------------
     0 | D:1      | growler the Tengu Air Elementalist began the quest for the
                  | Orb.
     0 | D:1      | Reached XP level 1. HP: 10/10 MP: 4/4
   997 | D:2      | Reached XP level 2. HP: 15/15 MP: 0/6
  1000 | D:2      | Learned a level 2 spell: Static Discharge
  1110 | D:2      | Identified the ring of Autumn {Will+ Str+6 Stlth+}
  1344 | D:2      | Reached XP level 3. HP: 11/19 MP: 0/7
  1348 | D:2      | Learned a level 3 spell: Swiftness
  1556 | D:2      | Noticed Jessica
  1559 | D:2      | Killed Jessica
  1560 | D:2      | Reached skill level 5 in Air Magic
  1560 | D:2      | Reached XP level 4. HP: 24/24 MP: 4/9
  1979 | D:2      | Found a blossoming altar of Fedhas.
  2246 | D:3      | Found an iron altar of Okawaru.
  2329 | D:3      | Gained mutation: Your magical nature lets you fly swiftly
                  | and evasively. [Tengu growth]
  2329 | D:3      | Reached XP level 5. HP: 28/28 MP: 3/10
  2567 | D:3      | Found a sparkling altar of Nemelex Xobeh.
  3273 | D:4      | Found an ancient bone altar of Kikubaaqudgha.
  3277 | D:4      | Reached skill level 6 in Air Magic
  3277 | D:4      | Reached XP level 6. HP: 29/32 MP: 8/12
  3628 | D:4      | Reached skill level 5 in Conjurations
  3805 | D:4      | Found a runed translucent gate.
  3805 | D:4      | Found a runed translucent gate.
  3808 | D:4      | Found a runed translucent gate.
  3842 | D:4      | Noticed an ice beast
  3842 | D:4      | Noticed kaesle's ghost (novice HOFi)
  4146 | D:4      | Found a hazy altar of Hepliaklqana.
  4174 | D:4      | Became a worshipper of Hepliaklqana the Forgotten
  4364 | D:5      | Entered Level 5 of the Dungeon
  4440 | D:5      | Killed from afar by themself

Illustrated notes

Levels and vault maps discovered:
D:1:      saegor_arrival_miasma, layout_basic, minmay_hedge_maze
D:2:      layout_loops_ring, basic_altar, nicolae_figureground_pulse,
          uniq_jessica
D:3:      layout_basic, lemuel_doored_altar, nicolae_overflow_crystal_walls,
          minmay_stone_trees_small
D:4:      layout_basic, kennysheep_mini, kennysheep_vampire_church,
          gammafunk_ghost_icy, corexii_checkpoint_a
D:5:      layout_cave_pools, nicolae_qazlal_style_of_elements,
          kennysheep_slug_shrine, minmay_temple_entry_junction_2

Skill      XL: |  1  2  3  4  5  6 |
---------------+-------------------+-----
Conjurations   | 2 3 4 5 |  5.3
Air Magic      | 5 6 |  6.6
Spellcasting   | 3 4 |  4.1
Dodging        | |  2.1
Stealth        | |  2.0

Action                     |  1- 3 |  4- 6 || total
---------------------------+-------+-------++-------
  Melee: Short sword       |     6 |    16 ||    22
         Peck              |     2 |     4 ||     6
         Kick              |     2 |     3 ||     5
   Cast: Shock             |    44 |   113 ||   157
         Static Discharge  |     1 |     8 ||     9
 Armour: Robe              |     2 |     6 ||     8
  Dodge: Dodged            |     5 |    42 ||    47
